 Dungeon Crawl Stone Soup version 0.16-a0-3330-g2931290 (webtiles) character file.

966 PolkaDot the Covert (level 7, -1/49 HPs)
             Began as a Vampire Assassin on Dec 28, 2014.
             Was an Initiate of Dithmenos.
             Slain by a wight
             ... wielding a cursed +0 great sword
              (8 damage)
             ... on level 6 of the Dungeon.
             The game lasted 00:18:37 (5696 turns).

PolkaDot the Covert (Vampire Assassin)              Turns: 5696, Time: 00:18:37

Health: -1/49      AC:  6    Str: 15    XL:     7   Next: 93%
Magic:  10/10      EV: 11    Int: 13    God:    Dithmenos [......]
Gold:   203        SH:  0    Dex: 17    Spells: 0 memorised, 6 levels left

rFire  . . .     SeeInvis +     a - +2 short sword (venom)
rCold  . . .     Clarity  .     o - +0 leather armour
rNeg   . . .     SustAb   .     (no shield)
rPois  .         Gourm    .     c - +0 helmet
rElec  .         Spirit   .     p - +1 cloak
rCorr  .         Warding  .     (no gloves)
rMut   .         Stasis   .     (no boots)
MR     .....                    (no amulet)
Stlth  +++++.....               (no ring)
                                j - ring of flight

@: mighty, regenerating very quickly, not resistant to hostile enchantments,
quite stealthy
A: bottle blood, fangs 3, see invisible, unbreathing
a: Renounce Religion, Evoke Flight


You were on level 6 of the Dungeon.
You worshipped Dithmenos.
Dithmenos was noncommittal.
You were almost alive.

You visited 2 branches of the dungeon, and saw 7 of its levels.
You also visited: Sewer.

You collected 203 gold pieces.

Inventory:

Hand weapons
 a - a +2 short sword of venom (weapon)
 b - a +0 blowgun
Missiles
 e - 23 poisoned needles
 f - 2 curare-tipped needles
Armour
 c - a +0 helmet (worn)
 o - a +0 leather armour (worn)
 p - a +1 cloak (worn)
Jewellery
 j - a ring of flight (left hand)
Magical devices
 i - a wand of digging (16)
 k - a wand of confusion (30)
Scrolls
 h - a scroll of teleportation
 l - 3 scrolls of enchant armour
 n - a scroll of recharging
 q - 3 scrolls of amnesia
 r - 3 scrolls of remove curse
 u - a scroll of blinking {unknown}
 v - 2 scrolls of fear
 w - a scroll of identify
Potions
 g - 7 potions of blood {@*1}


   Skills:
 - Level 1.7 Fighting
 + Level 5.5 Short Blades
 - Level 2.6 Throwing
 - Level 1.1 Dodging
 * Level 11.3 Stealth
 + Level 3.4 Evocations


You had 6 spell levels left.
You didn't know any spells.

Dungeon Overview and Level Annotations

Branches:
Dungeon (6/15)             Temple (1/1) D:5

Altars:
Ashenzari
Cheibriados
Dithmenos
Elyvilon
Fedhas
Gozag
Kikubaaqudgha
Makhleb
Nemelex Xobeh
Okawaru
Qazlal
Ru
Sif Muna
Trog
Vehumet
Xom
Yredelemnul
Zin
The Shining One


Innate Abilities, Weirdness & Mutations

Your natural rate of healing is extremely fast.
You can bottle blood from corpses.
You have razor-sharp teeth.
You have supernaturally acute eyesight.
You can survive without breathing.


Message History

* * * LOW HITPOINT WARNING * * *
There is a stone staircase leading up here.
You hit the wight.
You destroy the wight!
Dithmenos accepts your kill.
Drink which item? (? for menu, Esc to quit)
Yummy - fresh blood!
Drink which item? (? for menu, Esc to quit)
Yummy - fresh blood!
The wight hits you with a great sword!
* * * LOW HITPOINT WARNING * * *
Drink which item? (? for menu, Esc to quit)
It was a potion of might.
You feel very mighty all of a sudden.
You closely miss the wight. The wight barely misses you.
You hit the wight but do no damage. The wight closely misses you.
You barely miss the wight. You puncture the wight!
The wight is heavily damaged.
The wight hits you with a great sword!
You die...

### ### #@#
#.####.# #z#
#......#
#)###.####.#
#...[......#
######.#####
#.....†#
#g.....#
#.....?.
#......$#


You could see a wight.

Vanquished Creatures
  A black bear (D:5)
  An ice beast (D:5)
  2 ogres
  A crocodile (Sewer)
  A scorpion (D:5)
  2 wights (D:6)
  2 jellies
  Crazy Yiuf (D:2)
  3 worker ants
  An iguana (D:4)
  A hound skeleton (D:5)
  Robin (D:3)
  5 adders
  A giant mite (D:5)
  8 worms
  4 giant geckos
  4 orcs
  11 bats
  4 giant cockroaches
  12 hobgoblins
  9 jackals
  2 oozes (D:1)
  3 ball pythons (D:5)
  A giant gecko skeleton (D:5)
  2 giant newts
  16 goblins
  8 kobolds
  A quokka (D:4)
  17 rats
125 creatures vanquished.

Notes
Turn   | Place    | Note
--------------------------------------------------------------
     0 | D:1      | PolkaDot, the Vampire Assassin, began the quest for the Orb.
     0 | D:1      | Reached XP level 1. HP: 16/16 MP: 1/1
    39 | D:1      | Reached skill level 6 in Stealth
   164 | D:1      | Reached XP level 2. HP: 22/22 MP: 2/2
   620 | D:2      | Found a snail-covered altar of Cheibriados.
   620 | D:2      | Found a basalt altar of Yredelemnul.
   622 | D:2      | Found a glowing golden altar of the Shining One.
   626 | D:2      | Found a radiant altar of Vehumet.
   626 | D:2      | Found a shattered altar of Ashenzari.
   627 | D:2      | Found a sacrificial altar of Ru.
   628 | D:2      | Found an iron altar of Okawaru.
   629 | D:2      | Found a shimmering altar of Xom.
   631 | D:2      | Found a deep blue altar of Sif Muna.
   633 | D:2      | Found a blossoming altar of Fedhas.
   714 | D:2      | Reached XP level 3. HP: 24/27 MP: 3/3
   752 | D:2      | Reached skill level 7 in Stealth
  1320 | D:2      | Reached XP level 4. HP: 19/33 MP: 4/4
  1568 | D:2      | Noticed a moth of wrath
  1571 | D:2      | Found a bloodstained altar of Trog.
  1621 | D:2      | HP: 1/33 [worm (9)]
  2209 | D:2      | Noticed Crazy Yiuf
  2216 | D:2      | Killed Crazy Yiuf
  2216 | D:2      | Reached skill level 8 in Stealth
  2216 | D:2      | Reached XP level 5. HP: 38/38 MP: 5/5
  2281 | D:3      | Found a burning altar of Makhleb.
  2729 | D:3      | Noticed Robin
  2793 | D:3      | HP: 1/38 [poisoned by Robin]
  2968 | D:3      | Killed Robin
  3572 | D:4      | Reached skill level 1 in Evocations
  3998 | D:4      | Noticed an ogre
  4004 | D:4      | Killed an ogre
  4004 | D:4      | Reached skill level 9 in Stealth
  4004 | D:4      | Reached XP level 6. HP: 44/44 MP: 5/7
  4621 | D:5      | Entered Level 5 of the Dungeon
  4694 | D:5      | Found a glowing drain.
  4731 | Sewer    | Entered a sewer
  4817 | Sewer    | Reached skill level 10 in Stealth
  4817 | Sewer    | Reached XP level 7. HP: 22/49 MP: 9/9
  5136 | D:5      | Found a staircase to the Ecumenical Temple.
  5179 | D:5      | Reached skill level 5 in Short Blades
  5270 | Temple   | Entered the Ecumenical Temple
  5309 | Temple   | Became a worshipper of Dithmenos the Shadowed
  5562 | D:5      | Reached skill level 11 in Stealth
  5696 | D:6      | Slain by a wight

Action                   |  1- 3 |  4- 6 |  7- 9 || total
-------------------------+-------+-------+-------++-------
Melee: Dagger            |   117 |   119 |       ||   236
       Short sword       |       |    56 |    92 ||   148
 Fire: Blowgun           |       |    21 |       ||    21
Evoke: Wand              |       |       |     2 ||     2
  Use: Potion            |     5 |    17 |    16 ||    38
       Scroll            |       |     8 |       ||     8
 Stab: Sleeping          |     8 |    20 |     3 ||    31
       Distracted        |       |     1 |       ||     1
       Confused          |       |       |     1 ||     1
